 Dungeon Crawl Stone Soup version 0.25-a0-110-ge29c8f2358 (webtiles) character file.

Game seed: 7170193246184705569, levelgen mode: deterministic

420 Leeroy the Slasher (level 6, -3/49 (50) HPs)
             Began as a Draconian Skald on Nov 19, 2019.
             Slain by a worker ant (4 damage)
             ... on level 5 of the Dungeon.
             The game lasted 00:12:24 (2067 turns).

Leeroy the Slasher (Draconian Skald)                Turns: 2067, Time: 00:12:25

HP:   -3/49 (50)    AC:  6    Str: 13    XL:     6   Next: 62%
MP:   4/9           EV: 12    Int: 13    God:
Gold: 181           SH:  0    Dex: 13    Spells: 2/9 levels left

rFire    . . .     SeeInvis .   s - +0 trident
rCold    . . .     Gourm    .   (no shield)
rNeg     . . .     Faith    .   (armour unavailable)
rPois    .         Spirit   .   (helmet restricted)
rElec    .         Reflect  .   (no cloak)
rCorr    .         Harm     .   (no gloves)
MR       .....                  (no boots)
Stlth    +.........             (no amulet)
HPRegen  0.16/turn              (no ring)
MPRegen  0.11/turn              (no ring)

@: lethally poisoned (-3 -> -7), very slightly contaminated
A: unfitting armour, cold-blooded, AC +6
a: no special abilities


You were on level 5 of the Dungeon.
You were hungry.

You visited 1 branch of the dungeon, and saw 6 of its levels.

You collected 181 gold pieces.

Inventory:

Hand Weapons
 a - a +0 falchion
 e - a +0 dagger
 o - a +2 whip of draining
 s - a +0 trident (weapon)
 u - a +0 short sword
Missiles
 f - a throwing net (quivered)
 g - 64 stones
 n - 23 sling bullets
Armour
 r - a +0 cloak
Jewellery
 i - an uncursed amulet of magic regeneration {unknown}
Scrolls
 b - a scroll of blinking {unknown}
 d - 4 scrolls of identify {unknown}
 h - a scroll of magic mapping {unknown}
 j - a scroll of teleportation {unknown}
 l - 2 scrolls of remove curse {unknown}
 w - a scroll of holy word {unknown}
 x - a scroll of fog {unknown}
Potions
 k - a potion of might {unknown}
 m - a potion of haste {unknown}
 p - a potion of mutation {unknown}
 q - a potion of lignification {unknown}
 t - 3 potions of curing {unknown}
 v - a potion of heal wounds {unknown}
Comestibles
 c - 3 rations


   Skills:
 + Level 2.9 Fighting
 - Level 6.0 Long Blades
 - Level 2.1 Dodging
 - Level 2.0 Spellcasting
 + Level 0.1 Hexes
 - Level 4.0 Charms


You had 2 spell levels left.
You knew the following spells:

 Your Spells              Type           Power        Failure   Level  Hunger
a - Infusion              Chrm           ##..         4%          1    ##.....
b - Spectral Weapon       Hex/Chrm       #.......     32%         3    ####...
c - Regeneration          Chrm/Necr      #.........   32%         3    ####...

Your spell library contained the following spells:

 Spells                   Type           Power        Failure   Level  Hunger
 Song of Slaying          Chrm           ##......     8%          2    ###....
 Shroud of Golubria       Chrm/Tloc      #.....       17%         2    ###....


Dungeon Overview and Level Annotations

Branches:
Dungeon (7/15)
 Temple: D:4-7

Altars:
Elyvilon

Annotations:
D:5 2 transporters, Sigmund


Innate Abilities, Weirdness & Mutations

Your plain brown scales are hard. (AC +6)
You cannot fit into any form of body armour.
You are cold-blooded and may be slowed by cold attacks.


Message History

You closely miss the worker ant.
* * * LOW HITPOINT WARNING * * *
You feel sick.
Your spectral weapon barely misses the worker ant.
The worker ant closely misses you.
The worker ant bites you but does no damage.
You completely miss the worker ant.
Your tail-slap misses the worker ant.
* * * LOW HITPOINT WARNING * * *
You feel sick.
Your spectral weapon hits the worker ant from afar!
The worker ant closely misses you.
You closely miss the worker ant.
The worker ant is heavily wounded.
* * * LOW HITPOINT WARNING * * *
You feel sick.
Your spectral weapon hits the worker ant but does no damage.
The worker ant bites you.
* * * LOW HITPOINT WARNING * * *
The worker ant bites you.
You die...

#.....# #.....#
.#######...[.##
..............#
###.#).##.##.#
##.##.##.#####.#
#.##..........#
##.#####.####..#
#....a@..###
####...(...#
#.....####### #
#.##..#°°○○.#
#### ##
#.##..#○○.○○#
..○○○ #.
#.##..#.○°°.#
○°..○####
#.....#)$..○+
#.#..#..#
###..©#©(.○.+
.!©○.#©..
##..#[$.○°+
#.#..#..#


You could see a worker ant and a friendly spectral +0 trident.

Vanquished Creatures
  An ice beast (D:2)
  A necrophage (D:6)
  A scorpion (D:5)
  A bullfrog skeleton (D:6)
  A worker ant (D:7)
  4 adders
  4 gnolls (D:2)
  An ooze (D:2)
  An adder skeleton (D:7)
  4 dart slugs (D:1)
  5 leopard geckos
  3 orcs
  3 bats
  4 giant cockroaches
  4 goblins
  2 hobgoblins
  5 kobolds
  4 frilled lizards
  2 jackal zombies
  A quokka skeleton (D:6)
  4 rats
56 creatures vanquished.

Notes
Turn   | Place    | Note
-------+----------+-------------------------------------------
     0 | D:1      | Leeroy the Draconian Skald began the quest for the Orb.
     0 | D:1      | Reached XP level 1. HP: 17/17 MP: 3/3
    97 | D:1      | Reached XP level 2. HP: 23/24 MP: 5/5
   144 | D:1      | Reached skill level 3 in Long Blades
   534 | D:1      | Reached XP level 3. HP: 26/29 MP: 6/6
   630 | D:2      | Reached skill level 4 in Long Blades
  1043 | D:2      | Reached XP level 4. HP: 30/36 MP: 7/7
  1138 | D:2      | Noticed an ice beast
  1156 | D:2      | Killed an ice beast
  1156 | D:2      | Reached skill level 5 in Long Blades
  1156 | D:2      | Reached XP level 5. HP: 26/41 MP: 4/8
  1483 | D:3      | You fall into a shaft and drop 3 floors!
  1489 | D:5      | Entered Level 5 of the Dungeon
  1497 | D:5      | Reached skill level 6 in Long Blades
  1537 | D:5      | Found a transporter.
  1605 | D:5      | Noticed a sky beast
  1651 | D:5      | Noticed Sigmund
  1679 | D:5      | Found a transporter.
  1701 | D:6      | Found a white marble altar of Elyvilon.
  1713 | D:6      | Noticed a necrophage
  1727 | D:6      | Killed a necrophage
  1727 | D:6      | Reached XP level 6. HP: 29/47 MP: 4/9
  1792 | D:6      | Noticed an ice beast
  1879 | D:7      | Learned a level 3 spell: Spectral Weapon
  1885 | D:7      | Learned a level 3 spell: Regeneration
  2067 | D:5      | HP: 2/49 [poisoned by a worker ant]
  2067 | D:5      | Slain by a worker ant

Levels and vault maps discovered:
D:1:      shiori_shiawase, layout_loops_ring, hex_large
D:2:      layout_basic
D:3:      layout_basic, nicolae_overflow_hidden_temple, first_ration,
          ebering_ghost_reflecting_pool
D:5:      gammafunk_cloud_chamber, layout_loops_cross, basic_altar, st_stairs_7,
          minmay_misc_feat_encased, uniq_crazy_yiuf_cottage, uniq_sigmund,
          uniq_eustachio
D:6:      layout_rooms, nicolae_overflow_crystal_walls,
          nicolae_qazlal_style_of_elements, elyvilon_altar_5,
          minmay_temple_entry_hall, kennysheep_generic_room_5
D:7:      minmay_chambers_of_sevens, layout_layer_cave

Skill      XL: |  1  2  3  4  5  6 |
---------------+-------------------+-----
Long Blades    | 3 4 5 6 |  6.0
Charms         | 3 4 |  4.0
Fighting       | |  2.9
Dodging        | |  2.1
Spellcasting   | |  2.0
Hexes          | |  0.1

Action                   |  1- 3 |  4- 6 || total
-------------------------+-------+-------++-------
Melee: Falchion          |    64 |       ||    64
       Tailslap          |    14 |    10 ||    24
       Whip              |     5 |    79 ||    84
       Trident           |       |    58 ||    58
 Cast: Infusion          |     1 |     3 ||     4
       Spectral Weapon   |       |     2 ||     2
 Stab: Sleeping          |     1 |       ||     1
  Eat: Chunk             |       |     4 ||     4
Armor: Skin              |    22 |    30 ||    52
Dodge: Dodged            |    53 |   107 ||   160
       Rpst.: Falchion   |    12 |       ||    12

Table legend:
 A = Non-vault XP
 B = Vault XP
 C = Vault XP percentage of total XP
 D = Non-vault monster count
 E = Vault monster count
 F = Vault count percentage of total count
                 A         B        C        D         E       F
            +---------+---------+-------+---------+---------+-------
      Total |     597 |       3 |   0.5 |      55 |       1 |   1.8
            +---------+---------+-------+---------+---------+-------
        D:1 |      41 |       0 |   0.0 |      18 |       0 |   0.0
        D:2 |     258 |       0 |   0.0 |      22 |       0 |   0.0
        D:3 |       1 |       0 |   0.0 |       1 |       0 |   0.0
        D:5 |      87 |       3 |   3.3 |       5 |       1 |  16.7
        D:6 |     165 |       0 |   0.0 |       5 |       0 |   0.0
        D:7 |      45 |       0 |   0.0 |       4 |       0 |   0.0
            +---------+---------+-------+---------+---------+-------
